 Dungeon Crawl Stone Soup version 0.23-a0-449-g8e4cbf7 (webtiles) character file.

76 Amnesiac the Digger (level 4, 11/30 HPs)
             Began as a Demonspawn Earth Elementalist on Nov 22, 2018.
             Quit the game on level 3 of the Dungeon.
             The game lasted 00:02:29 (675 turns).

Amnesiac the Digger (Demonspawn Earth Elementalist)  Turns: 675, Time: 00:02:29

Health: 11/30      AC:  2    Str:  8    XL:     4   Next: 12%
Magic:  3/8        EV: 12    Int: 17    God:
Gold:   30         SH:  0    Dex: 14    Spells: 5/8 levels left

rFire    + . .     SeeInvis .   j - +0 dagger
rCold    . . .     Gourm    .   (no shield)
rNeg     . . .     Faith    .   c - +0 robe
rPois    .         Spirit   .   (no helmet)
rElec    .         Reflect  .   (no cloak)
rCorr    .         Harm     .   (no gloves)
MR       .....                  (no boots)
Stlth    ++........             (no amulet)
HPRegen  0.10/turn              (no ring)
MPRegen  0.11/turn              (no ring)

@: no status effects
A: claws 1, fire resistance 1, powered by death 1
a: no special abilities


You were on level 3 of the Dungeon.
You were not hungry.

You visited 1 branch of the dungeon, and saw 3 of its levels.

You collected 30 gold pieces.

Inventory:

Hand Weapons
 a - a +0 whip
 j - a +0 dagger (weapon)
Missiles
 b - 22 stones (quivered)
Armour
 c - a +0 robe (worn)
Wands
 e - a wand of enslavement (10)
Scrolls
 g - 3 scrolls of identify {!r, unknown}
 h - 2 scrolls of remove curse {!r, unknown}
Potions
 i - a potion of agility {!q, unknown}
Comestibles
 d - 2 rations
 f - 3 chunks of flesh


   Skills:
 - Level 1.7 Dodging
 - Level 1.7 Stealth
 + Level 2.8 Spellcasting
 - Level 0.8 Transmutations
 * Level 4.0 Earth Magic


You had 5 spell levels left.
You knew the following spells:

 Your Spells              Type           Power        Failure   Level  Hunger
a - Sandblast             Erth           ###...       3%          1    #......
b - Passwall              Tmut/Erth      ##......     10%         2    ##.....

Your spell library contained the following spells:

 Spells                   Type           Power        Failure   Level  Hunger
 Stone Arrow              Conj/Erth      #.....       22%         3    ###....
 Petrify                  Tmut/Erth      ##......     54%         4    #####..
 Lee's Rapid Deconstruct  Erth           ###.......   67%         5    ######.


Dungeon Overview and Level Annotations

Branches:
Dungeon (3/15)

Altars:
Cheibriados

Annotations:
D:2 Sigmund


Innate Abilities, Weirdness & Mutations

You have sharp fingernails.
Your flesh is heat resistant. (rF+)
You regenerate a little health from kills.


Message History

Press: ? - help, Shift-Dir - straight line, f - orc
Aim: an orc, wielding a +0 flail The blast of sand hits the orc.
You kill the orc!
b - 25 stones
Casting: Sandblast (safe; 4% risk of failure)
Confirm with . or Enter, or press ? or * to list all spells.
You can't see any susceptible monsters within range! (Use Z to cast anyway.)
Casting: Sandblast (safe; 4% risk of failure)
Confirm with . or Enter, or press ? or * to list all spells.
You can't see any susceptible monsters within range! (Use Z to cast anyway.)
You see here a rat corpse.
You start resting.
Magic restored.
You butcher the rat corpse.
f - a chunk of flesh You see here a rat skeleton.
You start resting.
Magic restored.
You see here a +0 flail.
An orc comes into view.
It is wielding a +2 short sword of holy wrath.
An orc priest comes into view. It is wielding a +0 mace.
The orc moves out of view.
An orc priest is nearby!
An orc priest is nearby!
Casting: Sandblast (safe; 4% risk of failure)
Confirm with . or Enter, or press ? or * to list all spells.
Aiming: Sandblast (safe; 4% risk of failure)
Press: ? - help, Shift-Dir - straight line, f - orc priest
Aim: an orc priest, wielding a +0 mace (hasn't noticed you)
The blast of sand hits the orc priest.
The orc priest is lightly wounded.
b - 24 stones Unknown command.
Casting: Sandblast (safe; 4% risk of failure)
Confirm with . or Enter, or press ? or * to list all spells.
Aiming: Sandblast (safe; 4% risk of failure)
Press: ? - help, Shift-Dir - straight line, f/p - orc priest
Aim: an orc priest, wielding a +0 mace (lightly wounded)
The blast of sand hits the orc priest.
The orc priest is severely wounded.
b - 23 stones The orc priest hits you with a +0 mace!
* * * LOW HITPOINT WARNING * * *
Unknown command.
Casting: Sandblast (safe; 4% risk of failure)
Confirm with . or Enter, or press ? or * to list all spells.
Aiming: Sandblast (safe; 4% risk of failure)
Press: ? - help, Shift-Dir - straight line, f/p - orc priest
Aim: an orc priest, wielding a +0 mace (severely wounded)
The blast of sand hits the orc priest.
You kill the orc priest!
Your Earth Magic skill increases to level 4!
You have reached level 4!
You feel agile.
Your demonic ancestry asserts itself...
You feel resistant to heat.
b - 22 stones
Things that are here:
a +0 mace; an orc corpse You butcher the orc corpse.
f - 3 chunks of flesh (gained 2)
Things that are here:
a +0 mace; an orc skeleton Are you sure you want to abandon this character and quit the game? (Confirm

##########
##....รท...#######
.........)........
##########.?......
#[# #..)..@)..###.#
#.# ### #.######.#.#
#.# ##.###.##.....#
.#
#.###.#.#.#.#.....#
.#
#.##.###..........#
.# #.#.##
##...#.....# .
##.##.###....#.....#
...#...#.........#.#
.....................


There were no monsters in sight!

Vanquished Creatures
  An orc priest (D:3)
  2 adders (D:2)
  A worm (D:2)
  4 orcs (D:3)
  A goblin (D:2)
  A hobgoblin (D:3)
  3 jackals (D:2)
  2 kobolds
  A frilled lizard (D:1)
  3 rats
19 creatures vanquished.

Vanquished Creatures (collateral kills)
  A kobold (D:2)
  2 rats (D:2)
3 creatures vanquished.

Grand Total: 22 creatures vanquished

Notes
Turn   | Place    | Note
-------+----------+-------------------------------------------
     0 | D:1      | Amnesiac the Demonspawn Earth Elementalist began the quest
                  | for the Orb.
     0 | D:1      | Reached XP level 1. HP: 13/13 MP: 3/3
    68 | D:2      | Reached skill level 3 in Earth Magic
   141 | D:2      | Gained mutation: You regenerate a little health from kills.
                  | [demonic ancestry]
   141 | D:2      | Reached XP level 2. HP: 11/19 MP: 0/5
   275 | D:2      | Learned a level 2 spell: Passwall
   291 | D:2      | Gained mutation: You have sharp fingernails. [demonic
                  | ancestry]
   291 | D:2      | Reached XP level 3. HP: 24/24 MP: 1/6
   416 | D:2      | Noticed Sigmund
   478 | D:3      | Found a snail-covered altar of Cheibriados.
   670 | D:3      | Reached skill level 4 in Earth Magic
   670 | D:3      | Gained mutation: Your flesh is heat resistant. (rF+)
                  | [demonic ancestry]
   670 | D:3      | Reached XP level 4. HP: 11/30 MP: 3/8
   675 | D:3      | Quit the game

Vault maps used:
D:1:      mrwooster_arrival_statue, serial_forest, infiniplex_forest_end_1,
          infiniplex_forest_clump_curved, infiniplex_forest_lined_1,
          infiniplex_forest_clump_small, infiniplex_forest_clump_small,
          infiniplex_forest_end_3, minmay_pentomino_z4
D:2:      minmay_angry_zag, minmay_tripent, uniq_sigmund
D:3:      lemuel_coloured_pillars_altar, first_ration, kennysheep_path_1

Skill      XL: |  1  2  3 |
---------------+----------+-----
Earth Magic    | 3 4 |  4.0
Dodging        | |  1.7
Stealth        | |  1.7
Spellcasting   | |  2.8
Transmutations | |  0.8

Action                   |  1- 3 |  4- 6 || total
-------------------------+-------+-------++-------
Melee: Unarmed           |    10 |       ||    10
       Whip              |    27 |       ||    27
       Dagger            |     7 |       ||     7
 Cast: Sandblast         |    30 |     1 ||    31
Evoke: Wand              |     2 |       ||     2
  Use: Potion            |     1 |       ||     1
 Stab: Sleeping          |     1 |       ||     1
Armor: Robe              |    12 |       ||    12
Dodge: Dodged            |    36 |       ||    36

Table legend:
 A = Non-vault XP
 B = Vault XP
 C = Vault XP percentage of total XP
 D = Non-vault monster count
 E = Vault monster count
 F = Vault count percentage of total count
                 A         B        C        D         E       F
            +---------+---------+-------+---------+---------+-------
      Total |     104 |       5 |   4.6 |      21 |       1 |   4.5
            +---------+---------+-------+---------+---------+-------
        D:1 |       3 |       0 |   0.0 |       2 |       0 |   0.0
        D:2 |      42 |       5 |  10.6 |      12 |       1 |   7.7
        D:3 |      59 |       0 |   0.0 |       7 |       0 |   0.0
            +---------+---------+-------+---------+---------+-------
